 Dungeon Crawl Stone Soup version 0.31.0-32-g396128a36d (webtiles) character file.

Game seed: 9821834729072991180

199 booth the Cudgeller (level 5, 0/34 HPs)
             Began as a Gargoyle Monk on Mar 17, 2024.
             Was an Initiate of Ashenzari.
             Slain by an ice beast (14 damage)
             ... on level 4 of the Dungeon.
             The game lasted 00:12:51 (2722 turns).

booth the Cudgeller (Gargoyle Monk)                 Turns: 2722, Time: 00:12:52

Health: 0/34       AC:  9    Str: 16    XL:     5   Next: 77%
Magic:  5/5        EV: 12    Int: 17    God:    Ashenzari [......]
Gold:   138        SH:  0    Dex: 12    Spells: 4/4 levels left

rFire   . . .        a - +0 mace
rCold   . . .        d - orb {light}
rNeg    + . .        l - +0 leather armour
rPois   ∞            (no helmet)
rElec   +            q - scarf "Prescient Ordeal" {repulsion, Sorc, Cun} (curse)
rCorr   .            r - +0 pair of gloves
SInv    .            f - +0 pair of boots
Will    .....        (no amulet)
Stlth   +            s - +6 ring of intelligence
HPRegen 0.25/turn    (no ring)
MPRegen 0.09/turn

%: repel missiles
@: glowing
A: sickness immunity, AC +4, negative energy resistance 1, electricity
resistance, torment resistance 1, petrification resistance
a: Renounce Religion, Shatter the Chains


You were on level 4 of the Dungeon.
You worshipped Ashenzari.
Ashenzari was noncommittal.
You visited 1 branch of the dungeon, and saw 4 of its levels.

You collected 138 gold pieces.

Inventory:

Hand Weapons
 a - a +0 mace (weapon)
 k - a +0 flail
 t - a +0 flail
Missiles
 g - 4 poisoned darts (quivered)
 p - 5 atropa-tipped darts
Armour
 d - an orb of light (worn)
 f - a +0 pair of boots (worn)
 l - a +0 leather armour (worn)
 q - the cursed scarf "Prescient Ordeal" (worn) {repulsion, Sorc, Cun}
   (You found it on level 3 of the Dungeon)

   It has a curse which improves the following skills: Sorcery: Conjurations and
   Alchemy.
   Cunning:   Dodging and Stealth.
 r - a +0 pair of gloves (worn)
 u - a +0 ring mail
Jewellery
 s - a +6 ring of intelligence (left hand)
Scrolls
 b - a scroll of revelation
 e - a scroll of vulnerability
 h - 2 scrolls of fog
 m - 4 scrolls of teleportation
 v - a scroll of amnesia {unknown}
Potions
 c - 2 potions of ambrosia
 i - 5 potions of curing
 j - a potion of brilliance {unknown}
 n - a potion of mutation {unknown}
 o - a potion of enlightenment {unknown}


   Skills:
 + Level 4.4 Fighting
 * Level 4.8 Maces & Flails
 + Level 3.3(3.7) Dodging


You had 4 spell levels left.
You didn't know any spells.
Your spell library contained the following spells:

 Spells                   Type           Power      Damage    Failure   Level
 Sting                    Conj/Alch      0%         1d3       28%         1
 Mercury Vapours          Alch/Air       0%         N/A       41%         2
 Static Discharge         Conj/Air       0%         3-3/arc   41%         2
 Ozocubu's Armour         Ice            0%         N/A       65%         3
 Airstrike                Air            0%         2d(0-16)  96%         4
 Olgreb's Toxic Radiance  Alch           0%         N/A       96%         4
 Summon Lightning Spire   Summ/Air       0%         N/A       96%         4
 Metabolic Englaciation   Hex/Ice        0%         N/A       100%        5
 Sculpt Simulacrum        Ice/Alch       0%         N/A       100%        6


Dungeon Overview and Level Annotations

Branches:
Dungeon (4/15)
 Temple: D:4-7

Altars:
Ashenzari
Dithmenos
Trog
Zin
The Shining One


Innate Abilities, Weirdness & Mutations

You are immune to sickness and miasma.
Your stone body is resilient. (AC +4)
You are immune to poison.
You resist negative energy. (rN+)
You are resistant to electric shocks. (rElec)
You are resistant to unholy torment.
You are immune to petrification.


Message History

You hit the ice beast but do no damage.
The ice beast hits you but does no damage.
You barely miss the ice beast.
The ice beast hits you but does no damage.
Throw: 5 darts (poison)
Press: ? - help, Q - select action, (/) - cycle Shift-Dir - straight line, f - ice beast
Aim: an ice beast (haloed, 76% to hit)
You throw a poisoned dart. The poisoned dart hits the ice beast.
The ice beast is poisoned.
The ice beast closely misses you.
You hit the ice beast.
The ice beast is lightly wounded.
The ice beast hits you but does no damage.
The ice beast closely misses you.
You hit the ice beast but do no damage.
The ice beast is lightly wounded.
The ice beast hits you but does no damage.
You sock the ice beast!
The ice beast is moderately wounded.
The ice beast closely misses you.
You barely miss the ice beast.
The ice beast is moderately wounded.
The ice beast hits you. The ice beast freezes you.
You hit the ice beast but do no damage.
The ice beast is moderately wounded.
The ice beast misses you.
You hit the ice beast.
The ice beast is heavily wounded.
The ice beast looks more healthy.
The ice beast hits you but does no damage.
You hit the ice beast.
The ice beast is heavily wounded.
The ice beast misses you. The ice beast hits you. The ice beast freezes you!
You hit the ice beast.
The ice beast is severely wounded.
The ice beast hits you but does no damage.
You completely miss the ice beast.
The ice beast is severely wounded.
The ice beast hits you. The ice beast freezes you!
You die...

#......# #... #<.....
#... #.....########
#... #.....#......#
##.. #....)#......#
#.. #.....#......# #..
#.....#......# #..
#.....'......######..
#...@.#..............
#####Y##............##
#...................#.
#.).................#.
#...................#.
#...................#.
#...................#.
#...................#.
#.............###'###>


You could see an ice beast.

Vanquished Creatures
  A jelly (D:4)
  An orc wizard (D:4)
  A gnoll (D:1)
  3 adders (D:3)
  3 dart slugs
  2 ribbon worms
  9 orcs (D:4)
  5 ball pythons
  4 endoplasms
  A giant cockroach (D:1)
  9 goblins
  9 hobgoblins
  3 jackals (D:2)
  5 kobolds
  4 quokkas
  7 bats
  8 frilled lizards
  6 rats
81 creatures vanquished.

Notes
Turn   | Place    | Note
-------+----------+-------------------------------------------
     0 | D:1      | booth the Gargoyle Monk began the quest for the Orb.
     0 | D:1      | Reached XP level 1. HP: 14/14 MP: 1/1
   126 | D:1      | Reached XP level 2. HP: 19/19 MP: 2/2
   330 | D:1      | Reached XP level 3. HP: 13/24 MP: 3/3
  1023 | D:2      | Reached XP level 4. HP: 29/29 MP: 4/4
  1049 | D:2      | Found a shadowy altar of Dithmenos.
  1803 | D:3      | Found a broken altar of Ashenzari.
  1811 | D:3      | Found a glowing silver altar of Zin.
  1811 | D:3      | Found a bloodstained altar of Trog.
  2057 | D:3      | Reached XP level 5. HP: 30/33 MP: 5/5
  2262 | D:3      | Found a glowing golden altar of the Shining One.
  2358 | D:3      | Became a worshipper of Ashenzari the Shackled
  2667 | D:4      | Found Tuqav's Weapon Shoppe.
  2691 | D:4      | Noticed an ice beast
  2722 | D:4      | Slain by an ice beast

Illustrated notes

Levels and vault maps discovered:
D:1:      dpeg_arrival_arbitrary_b, layout_basic, minmay_pentomino_x4
D:2:      layout_basic, basic_altar, kennysheep_generic_room_14
D:3:      layout_loops_cross, gammafunk_temple_overflow_forgotten, tso_altar
D:4:      layout_gridville, mainiacjoe_overflow_24_doors, serial_shops, shop

Skill      XL: |  1  2  3  4 |
---------------+-------------+-----
Maces & Flails | 4 |  4.8
Fighting       | 4 |  4.4
Dodging        | 3 |  3.3

Action                     |  1- 3 |  4- 6 || total
---------------------------+-------+-------++-------
  Melee: Mace              |    86 |   131 ||   217
  Throw: Dart              |       |     6 ||     6
 Invoke: Curse Item        |       |     1 ||     1
    Use: Scroll            |     4 |     2 ||     6
 Armour: Robe              |    18 |       ||    18
         Leather armour    |    15 |    64 ||    79
  Dodge: Dodged            |    46 |    57 ||   103
         Repelled          |       |     1 ||     1
